 Dungeon Crawl Stone Soup version 0.28.0-53-g5a82cb258f (webtiles) character file.

Game seed: 14720409793355629844

69 Peloso the Skirmisher (level 4, -14/41 HPs)
             Began as a Minotaur Fighter on May 27, 2022.
             Killed by divine providence
             ... invoked by an orc priest
              (17 damage)
             ... on level 3 of the Dungeon.
             The game lasted 00:04:36 (1407 turns).

Peloso the Skirmisher (Minotaur Fighter)            Turns: 1407, Time: 00:04:37

Health: -14/41     AC:  9    Str: 26    XL:     4   Next: 2%
Magic:  3/3        EV:  8    Int:  5    God:
Gold:   90         SH:  8    Dex: 12    Spells: 3/3 levels left

rFire   . . .      SeeInvis .   a - +0 long sword
rCold   . . .      Faith    .   e - +0 kite shield
rNeg    . . .      Spirit   .   b - +0 scale mail
rPois   +          Reflect  .   k - +0 hat
rElec   .          Harm     .   (no cloak)
rCorr   .          Rampage  .   j - +1 pair of gloves
Will    .....                   (no boots)
Stlth   ..........              (no amulet)
HPRegen 0.13/turn               m - ring of poison resistance
MPRegen 0.08/turn               h - +6 ring of strength

@: no status effects
A: horns 2, retaliatory headbutt
a: no special abilities


You were on level 3 of the Dungeon.
You visited 1 branch of the dungeon, and saw 3 of its levels.

You collected 90 gold pieces.

Inventory:

Hand Weapons
 a - a +0 long sword (weapon)
Armour
 b - a +0 scale mail (worn)
 c - a +0 buckler
 e - a +0 kite shield (worn)
 j - a +1 pair of gloves (worn)
 k - a +0 hat (worn)
Jewellery
 h - a +6 ring of strength (right hand)
 m - a ring of poison resistance (left hand)
Wands
 g - a wand of polymorph (10)
Scrolls
 l - a scroll of amnesia
Potions
 d - a potion of might
 f - a potion of attraction {unknown}
 i - a potion of heal wounds {unknown}


   Skills:
 + Level 4.4 Fighting
 + Level 3.2 Long Blades
 + Level 4.2 Armour
 + Level 0.6 Dodging
 + Level 4.2 Shields


You had 3 spell levels left.
You didn't know any spells.
Your spell library contained the following spells:

 Spells                   Type           Power      Damage    Failure   Level
 Corpse Rot               Necr/Air       0%         N/A       99%         2
 Poisonous Vapours        Pois/Air       0%         N/A       99%         2


Dungeon Overview and Level Annotations

Branches:
Dungeon (3/15)

Altars:


Innate Abilities, Weirdness & Mutations

You have a pair of horns on your head.
You reflexively headbutt those who attack you in melee.


Message History

An orc comes into view. It is wielding a +0 hand axe.
The orc shouts!
You hear a shout!
An orc priest comes into view. It is wielding a +0 dagger.
There are monsters nearby!
There are monsters nearby!
An orc comes into view. It is wielding a +0 mace.
The orc shouts!
The orc priest shouts!
An orc comes into view. It is wielding a +0 war axe.
The orc shouts!
The orc grunts noisily.
You barely miss the orc. You headbutt the orc!
You kill the orc!
The orc priest invokes the aid of Beogh against you.
Pain shoots through your body!
You have reached level 4!
You feel agile. You block the orc priest's attack.
You see here a +0 hand axe.
You barely miss the orc priest.
The orc priest hits you with a +0 dagger.
You hit the orc priest.
The orc priest is moderately wounded.
The orc priest mumbles some strange prayers to Beogh against you.
Pain shoots through your body!
The orc priest calls down the wrath of Beogh upon you.
Pain shoots through your body!
You closely miss the orc priest.
The orc priest is moderately wounded.
The orc priest calls down the wrath of Beogh upon you.
Pain shoots through your body!
* * * LOW HITPOINT WARNING * * *
You barely miss the orc priest.
The orc priest is moderately wounded.
The orc priest hits you with a +0 dagger.
* * * LOW HITPOINT WARNING * * *
You hit the orc priest.
The orc priest is severely wounded.
The orc priest invokes the aid of Beogh against you.
Beogh smites you!
You die...

#.###########
#.# #.# #.#
#.# #.# #.#
#.############
#.......@ooo.#
############.#


You could see an orc priest and 2 orcs.

Vanquished Creatures
  2 adders (D:2)
  A worm (D:2)
  2 dart slugs
  An orc (D:3)
  7 ball pythons
  7 endoplasms
  5 goblins
  7 hobgoblins
  2 kobolds
  A quokka (D:1)
  5 bats (D:1)
40 creatures vanquished.

Notes
Turn   | Place    | Note
-------+----------+-------------------------------------------
     0 | D:1      | Peloso the Minotaur Fighter began the quest for the Orb.
     0 | D:1      | Reached XP level 1. HP: 19/19 MP: 0/0
   205 | D:1      | Reached XP level 2. HP: 27/27 MP: 1/1
   401 | D:1      | Reached XP level 3. HP: 33/33 MP: 2/2
   480 | D:1      | Found a faded altar of an unknown god.
  1402 | D:3      | Reached XP level 4. HP: 33/41 MP: 3/3
  1407 | D:3      | Killed from afar by an orc priest

Illustrated notes

Levels and vault maps discovered:
D:1:      ncdulo_wetmaze, layout_rooms, basic_ecumenical_altar, minmay_quantized
D:2:      layout_basic, hangedman_decor_points, minmay_pentomino_o2
D:3:      layout_basic

Skill      XL: |  1  2  3 |
---------------+----------+-----
Fighting       | 4 |  4.4
Shields        | 4 |  4.2
Armour         | 4 |  4.2
Long Blades    | 3 |  3.2
Dodging        | |  0.6

Action                   |  1- 3 |  4- 6 || total
-------------------------+-------+-------++-------
Melee: Long sword        |    72 |     5 ||    77
       Headbutt          |     6 |       ||     6
  Use: Scroll            |     2 |       ||     2
Armor: Scale mail        |    38 |       ||    38
Dodge: Dodged            |    48 |       ||    48
Block: Buckler           |    22 |       ||    22
       Kite shield       |     1 |     1 ||     2
